 Dungeon Crawl Stone Soup version 0.27.1-2-g3b301248ec (webtiles) character file.

Game seed: 3715976382042679638

225 Borgoz the Skirmisher (level 6, -10/39 HPs)
             Began as a Gargoyle Berserker on Sept 23, 2021.
             Was a Priest of Trog.
             Killed by divine providence
             ... invoked by an orc priest
              (13 damage)
             ... on level 3 of the Dungeon.
             The game lasted 00:02:12 (2793 turns).

Borgoz the Skirmisher (Gargoyle Berserker)          Turns: 2793, Time: 00:02:12

Health: -10/39     AC: 11    Str: 21    XL:     6   Next: 1%
Magic:  6/6        EV: 11    Int:  7    God:    Trog [***...]
Gold:   143        SH:  0    Dex: 11    Spells: 5/5 levels left

rFire    . . .     SeeInvis .   i - +2 flail (protect)
rCold    . . .     Faith    .   (no shield)
rNeg     + . .     Spirit   .   a - +0 ring mail
rPois    ∞         Reflect  .   j - +0 helmet
rElec    +         Harm     .   (no cloak)
rCorr    .         Rampage  .   (no gloves)
Will     .....                  (no boots)
Stlth    +.........             (no amulet)
HPRegen  0.13/turn              (no ring)
MPRegen  0.10/turn              (no ring)

@: on berserk cooldown, flying, slowed, very slow
A: sickness immunity, AC +4, negative energy resistance 1, electricity
resistance, torment resistance 1, petrification resistance
a: Renounce Religion, Berserk, Trog's Hand


You were on level 3 of the Dungeon.
You worshipped Trog.
Trog was most pleased with you.
You visited 1 branch of the dungeon, and saw 3 of its levels.

You collected 143 gold pieces.

Inventory:

Hand Weapons
 i - a +2 flail of protection (weapon)
Armour
 a - a +0 ring mail (worn)
 j - a +0 helmet (worn)
Scrolls
 b - a scroll of enchant armour {unknown}
 c - 2 scrolls of noise {unknown}
 d - 3 scrolls of teleportation {unknown}
 l - a scroll of fear {unknown}
 m - a scroll of identify {unknown}
Potions
 e - a potion of might {unknown}
 f - a potion of flight
 g - 2 potions of invisibility {unknown}
 h - a potion of lignification {unknown}
 k - 2 potions of curing {unknown}


   Skills:
 + Level 4.5 Fighting
 + Level 4.1 Maces & Flails
 + Level 3.7 Armour
 + Level 2.7 Dodging


You had 5 spell levels left.
You didn't know any spells.
Your spell library was empty.

Dungeon Overview and Level Annotations

Branches:
Dungeon (3/15)

Altars:


Innate Abilities, Weirdness & Mutations

You are immune to sickness and miasma.
Your stone body is resilient. (AC +4)
You are immune to poison.
You resist negative energy. (rN+)
You are resistant to electric shocks. (rElec)
You are resistant to unholy torment.
You are immune to petrification.


Message History

You feel yourself moving faster!
You feel mighty!
A quokka comes into view.
An orc comes into view. It is wielding a +0 hand axe.
You feel a strong urge to attack something.
The orc closely misses you.
You thump the orc!
Your weapon exudes an aura of protection.
You kill the orc!
Trog accepts your kill.
The orc priest hits you but does no damage.
Things that are here:
a +0 hand axe; an orc corpse You thump the orc priest!
The orc priest is almost dead.
You are no longer berserk.
You are exhausted.
You feel yourself slow down.
The orc priest calls down the wrath of Beogh upon you.
Pain shoots through your body!
You closely miss the orc priest.
The orc priest is almost dead.
The orc priest invokes the aid of Beogh against you.
You barely resist.
The orc priest hits you but does no damage.
You hit the orc priest but do no damage.
The orc priest is almost dead.
The orc priest mumbles some strange prayers to Beogh against you.
Pain shoots through your body!
You barely miss the orc priest.
The orc priest is almost dead.
The orc priest invokes the aid of Beogh against you.
Beogh smites you!
* * * LOW HITPOINT WARNING * * *
The orc priest begins to cast a cantrip, but forgets the words!
It was a potion of flight.
You feel very buoyant.
You fly up into the air.
The orc priest mumbles some strange prayers to Beogh against you.
Beogh smites you!
You die...

#...#....#
#.#
....##.#.#
#.#
..#.#..#.#
#.####
#......#.#
#....#
....#..#.#
####.#
.......#.#
#.#
....#..#.#
#.#
.........#
#.#
###..#.##
#@#
.....#.#
#o#
.##..#.#


ro. .# #.... .#.. ...... ### .#.# ........ #<# .#.# ......... #.# .#.#
..........# #.# .#.###.. #.# You could see an orc priest, an orc and a quokka.

Vanquished Creatures
  2 orc wizards (D:3)
  Terence (D:2)
  Robin (D:2)
  3 adders (D:2)
  3 gnolls (D:3)
  A worm (D:2)
  5 orcs (D:3)
  8 endoplasms
  A giant cockroach (D:3)
  18 goblins
  6 hobgoblins
  8 jackals
  6 kobolds
  2 ball pythons
  4 bats
  3 frilled lizards
  2 rats
74 creatures vanquished.

Vanquished Creatures (others)
  A fungus (D:1)
  A plant (D:1)
2 creatures vanquished.

Grand Total: 76 creatures vanquished

Notes
Turn   | Place    | Note
-------+----------+-------------------------------------------
     0 | D:1      | Borgoz the Gargoyle Berserker began the quest for the Orb.
     0 | D:1      | Reached XP level 1. HP: 14/14 MP: 1/1
   250 | D:1      | Reached XP level 2. HP: 16/19 MP: 2/2
   441 | D:1      | Found a faded altar of an unknown god.
   897 | D:1      | Reached XP level 3. HP: 22/23 MP: 3/3
   914 | D:1      | Reached ** piety under Trog
  1305 | D:2      | Noticed Terence
  1313 | D:2      | Killed Terence
  1524 | D:2      | Reached XP level 4. HP: 22/29 MP: 4/4
  1713 | D:2      | Noticed Robin
  1744 | D:2      | Killed Robin
  1948 | D:2      | Reached XP level 5. HP: 33/33 MP: 5/5
  2536 | D:3      | Reached *** piety under Trog
  2722 | D:3      | Reached XP level 6. HP: 33/39 MP: 6/6
  2793 | D:3      | Killed from afar by an orc priest

Illustrated notes

Levels and vault maps discovered:
D:1:      tarquinn_simple_flora_water_e, layout_basic,
          shapermc_ecumenical_altar_mp_ritualfount, minmay_tiny_reverse_x
D:2:      layout_basic, uniq_terence, uniq_robin
D:3:      layout_basic, minmay_close_crescents

Skill      XL: |  1  2  3  4  5 |
---------------+----------------+-----
Dodging        | 2 |  2.7
Armour         | 3 |  3.7
Fighting       | 4 |  4.5
Maces & Flails | 4 |  4.1

Action                   |  1- 3 |  4- 6 || total
-------------------------+-------+-------++-------
Melee: Mace              |    72 |       ||    72
       Flail             |     2 |   118 ||   120
Invok: Berserk           |     2 |     4 ||     6
  Use: Potion            |       |     1 ||     1
 Stab: Sleeping          |     1 |       ||     1
Armor: Animal skin       |    24 |       ||    24
       Ring mail         |       |   107 ||   107
Dodge: Dodged            |    49 |    85 ||   134
